 Dungeon Crawl Stone Soup version 0.28-a0-863-g8cecda6153 (webtiles) character file.

Game seed: 13829559750040144479

3523 Ijustatesigmund the Fighter (level 9, 0/81 HPs)
             Began as a Demonspawn Fighter on Nov 18, 2021.
             Slain by Harold (4 damage)
             ... on level 7 of the Dungeon.
             The game lasted 00:13:27 (7885 turns).

Ijustatesigmund the Fighter (Demonspawn Fighter)    Turns: 7885, Time: 00:13:29

Health: 0/81       AC: 14    Str: 16    XL:     9   Next: 81%
Magic:  9/9        EV:  7    Int: 19    God:
Gold:   267        SH:  0    Dex: 13    Spells: 7/8 levels left

rFire   . . .      SeeInvis .   i - +6 executioner's axe of the Lurker {vorpal, rElec rC+}
rCold   + . .      Faith    .   (shield currently unavailable)
rNeg    . . .      Spirit   .   b - +0 chain mail
rPois   .          Reflect  .   h - +0 helmet
rElec   +          Harm     .   o - +1 cloak
rCorr   .          Rampage  .   (no gloves)
Will    +....                   (no boots)
Stlth   ..........              t - amulet of regeneration
HPRegen 1.23/turn               g - ring of willpower
MPRegen 0.11/turn               s - +6 ring of intelligence

@: studying Fighting
A: claws 1, demonic guardian 1, sharp scales 1, demonic magic 2
a: no special abilities


You were on level 7 of the Dungeon.
You visited 2 branches of the dungeon, and saw 8 of its levels.

You collected 330 gold pieces.
You spent 63 gold pieces at shops.

Inventory:

Hand Weapons
 a - a +0 war axe
 i - the +6 executioner's axe of the Lurker (weapon) {vorpal, rElec rC+}
   (You acquired it on level 2 of the Dungeon)

   It inflicts extra damage upon your enemies.
   rC:        It protects you from cold.
   rElec:     It insulates you from electricity.
Armour
 b - a +0 chain mail (worn)
 c - a +0 kite shield
 h - a +0 helmet (worn)
 o - a +1 cloak (worn)
Jewellery
 g - a ring of willpower (left claw)
 m - a ring of protection from fire
 q - a ring of ice
 s - a +6 ring of intelligence (right claw)
 t - an amulet of regeneration (around neck)
Wands
 f - a wand of digging (7)
 l - a wand of iceblast (2)
 p - a wand of acid (1)
Scrolls
 d - a scroll of teleportation
 e - 2 scrolls of amnesia
Potions
 j - 2 potions of brilliance
 n - a potion of flight
 r - a potion of curing


   Skills:
 + Level 11.5 Fighting
 - Level 8.0 Axes
 - Level 5.2 Armour
 - Level 2.0 Dodging
 - Level 2.6 Shields


You had 7 spell levels left.
You knew the following spells:

 Your Spells              Type           Power      Damage    Failure   Level
a - Pain                  Necr           0%         1d4       97%         1

Your spell library contained the following spells:

 Spells                   Type           Power      Damage    Failure   Level
 Apportation              Tloc           0%         N/A       97%         1
 Slow                     Hex            0%         N/A       97%         1
 Confusing Touch          Hex            0%         N/A       100%        3
 Alistair's Intoxication  Tmut/Pois      0%         N/A       100%        5
 Yara's Violent Unravell  Hex/Tmut       0%         3d3       100%        5


Dungeon Overview and Level Annotations

Branches:
Dungeon (7/15)             Temple (1/1) D:4

Altars:
Ashenzari
Dithmenos
Fedhas
Gozag
Kikubaaqudgha
Makhleb
Nemelex Xobeh
Okawaru
Qazlal
Sif Muna
Uskayaw
Vehumet
Wu Jian
Xom
Yredelemnul
Zin
The Shining One

Shops:
D:1 [   D:3 *   D:7 :

Annotations:
D:4 1 runed translucent door
D:7 Harold


Innate Abilities, Weirdness & Mutations

You have sharp fingernails.
A weak demonic guardian rushes to your aid.
You are partially covered in razor-sharp scales. (AC +1, Slay +1)
Spells you cast may paralyse nearby enemies.


Message History

Something hits you.
You shred the net and break free! Harold fires a harpoon shot at you.
The harpoon shot hits something!
Something hits you.
You barely miss something.
Harold hits you from afar with a +0 glaive.
Something hits you but does no damage.
Harold hits you from afar with a +0 glaive.
You slash something!
Reactivating autopickup.
You feel a bit more experienced. Harold hits you but does no damage.
You feel much better.
Harold throws a throwing net.
The throwing net hits you.
You become entangled in the net!
You struggle against the net.
Harold hits you from afar with a +0 glaive.
You struggle against the net.
Harold fires a harpoon shot at you. The harpoon shot hits you.
You are yanked forward by the harpoon shot.
Found a potion of haste and a cloak.
Harold hits you with a +0 glaive.
Things that are here:
a +2 dagger of electrocution; a wand of digging (5); an orc corpse
Found 16 gold pieces.
Harold hits you with a +0 glaive!
You slash Harold!
Harold is lightly wounded.
Harold hits you with a +0 glaive! Harold hits you with a +0 glaive!!
* * * LOW HITPOINT WARNING * * *
A demonic guardian appears!
You slash Harold!
Harold is heavily wounded.
Harold hits you with a +0 glaive.
* * * LOW HITPOINT WARNING * * *
You slice Harold!!
Harold is severely wounded.
Harold points at you and mumbles some strange words.
You barely resist. Harold shouts, "Can you die now?
I had plans for the rest of the day!"
Harold hits you with a +0 glaive.
You die...

..##. ...#
.##....... ....
...#.....## ...
..........#
....
..........# ##
... #
.#.......[ ..##
.. .#
...#.)...#.....
.####..#
#..........!..
#......
#....5@##.....
#.....
...###@).......
..# ##)##.....
.## #)# ....
..# #.# ... #.#
##.# $. #.#####
#..# . #.....#
#.## ......##
#.#


You could see Harold (ally target) and a friendly iron imp (summoned).

Vanquished Creatures
  A two-headed ogre (D:7)
  A troll (D:6)
  Grinder (D:4)
  Sigmund (D:2)
  Menkaure (D:4)
  An acid dragon (D:5)
  A water moccasin (D:7)
  An orc warrior (D:7)
  3 ice beasts
  2 necrophages
  A black bear (D:5)
  An ogre (D:4)
  A centaur (D:7)
  A bullfrog (D:6)
  A gnoll sergeant (D:6)
  A scorpion (D:7)
  5 killer bees (D:5)
  An electric eel (D:7)
  2 centaur zombies
  4 hounds
  A jelly (D:4)
  2 orc priests (D:6)
  Natasha (twice) (D:2)
  5 orc wizards
  A hound zombie (D:5)
  A hound skeleton (D:5)
  Robin (D:2)
  2 gnolls (D:6)
  2 adders
  2 white imps (D:5)
  2 ufetubi
  5 dart slugs
  28 orcs
  3 bats
  3 endoplasms
  4 giant cockroaches
  10 hobgoblins
  3 jackals (D:3)
  8 kobolds
  3 quokkas
  7 ball pythons
  11 frilled lizards
  9 goblins
  A goblin skeleton (D:4)
  10 rats
157 creatures vanquished.

Vanquished Creatures (collateral kills)
  A sky beast (D:6)
  A necrophage (D:6)
  A gnoll (D:6)
  An adder (D:2)
  A goblin (D:2)
5 creatures vanquished.

Vanquished Creatures (others)
  A plant (D:4)
1 creature vanquished.

Grand Total: 163 creatures vanquished

Notes
Turn   | Place    | Note
-------+----------+-------------------------------------------
     0 | D:1      | Ijustatesigmund the Demonspawn Fighter began the quest for
                  | the Orb.
     0 | D:1      | Reached XP level 1. HP: 18/18 MP: 1/1
    47 | D:1      | Found Xaem's Antique Armour Shoppe.
   138 | D:1      | Gained mutation: You have sharp fingernails. [demonic
                  | ancestry]
   138 | D:1      | Reached XP level 2. HP: 24/24 MP: 2/2
   784 | D:2      | Noticed Robin
   808 | D:2      | Gained mutation: A weak demonic guardian rushes to your
                  | aid. [demonic ancestry]
   808 | D:2      | Reached XP level 3. HP: 7/29 MP: 3/3
   816 | D:2      | Killed Robin
  1376 | D:2      | Reached skill level 4 in Fighting
  1376 | D:2      | Identified a scroll of acquirement
  1376 | D:2      | Acquired the +6 executioner's axe of the Lurker {vorpal,
                  | rElec rC+}
  1509 | D:2      | Noticed Natasha
  1516 | D:2      | Killed Natasha
  1517 | D:2      | Gained mutation: Spells you cast may paralyse adjacent
                  | enemies. [demonic ancestry]
  1517 | D:2      | Reached XP level 4. HP: 25/37 MP: 4/4
  1701 | D:2      | Found a faded altar of an unknown god.
  1722 | D:2      | Noticed Sigmund
  1848 | D:2      | Killed Sigmund
  1849 | D:2      | Reached skill level 5 in Fighting
  1849 | D:2      | Reached XP level 5. HP: 44/44 MP: 5/5
  1997 | D:2      | Noticed Natasha
  1999 | D:2      | Killed Natasha
  2000 | D:2      | Gained mutation: You are partially covered in razor-sharp
                  | scales. (AC +1, Slay +1) [demonic ancestry]
  2000 | D:2      | Reached XP level 6. HP: 51/51 MP: 6/6
  2072 | D:3      | Found Puozaikk's Assorted Antiques.
  2081 | D:3      | Bought a brown potion for 21 gold pieces
  2081 | D:3      | Bought a lumpy golden potion for 21 gold pieces
  2081 | D:3      | Bought a ruby potion for 21 gold pieces
  2467 | D:3      | Found a shimmering blue altar of Sif Muna.
  2467 | D:3      | Found an ancient bone altar of Kikubaaqudgha.
  2469 | D:3      | Found a radiant altar of Vehumet.
  2472 | D:3      | Got Kikubaaqudgha's Disquisition on Unholy Arts
  2475 | D:3      | Learned a level 1 spell: Pain
  3281 | D:4      | Found a stormy altar of Qazlal.
  3282 | D:4      | Noticed a fire elemental
  3282 | D:4      | Noticed an air elemental
  3282 | D:4      | Noticed a water elemental
  3569 | D:4      | Noticed Menkaure
  3571 | D:4      | Found a staircase to the Ecumenical Temple.
  3574 | D:4      | Killed Menkaure
  3575 | D:4      | Reached skill level 6 in Fighting
  3575 | D:4      | Reached skill level 5 in Axes
  3575 | D:4      | Gained mutation: Spells you cast may paralyse nearby
                  | enemies. [demonic ancestry]
  3575 | D:4      | Reached XP level 7. HP: 53/58 MP: 7/7
  3576 | D:4      | Found a runed translucent door.
  3576 | D:4      | Noticed a human
  3583 | Temple   | Entered the Ecumenical Temple
  3820 | D:4      | Found a basalt altar of Yredelemnul.
  4191 | D:4      | Noticed Grinder
  4200 | D:4      | Killed Grinder
  4348 | D:5      | Entered Level 5 of the Dungeon
  4373 | D:5      | Reached skill level 7 in Fighting
  4590 | D:5      | Reached XP level 8. HP: 36/67 MP: 8/8
  6099 | D:5      | Found a sparkling altar of Nemelex Xobeh.
  6419 | D:6      | Noticed a troll
  6424 | D:6      | Killed a troll
  6425 | D:6      | Reached skill level 8 in Fighting
  6902 | D:6      | Reached XP level 9. HP: 65/75 MP: 9/9
  7116 | D:6      | Reached skill level 5 in Armour
  7371 | D:7      | Noticed a two-headed ogre
  7599 | D:7      | Reached skill level 1 in Dodging
  7641 | D:7      | Found Yxiogel's Book Shop.
  7785 | D:7      | Acquired a manual of Fighting
  7867 | D:7      | Killed a two-headed ogre
  7868 | D:7      | Reached skill level 11 in Fighting
  7869 | D:7      | Noticed Harold
  7884 | D:7      | HP: 3/81 [Harold (5)]
  7885 | D:7      | Slain by Harold

Illustrated notes

Levels and vault maps discovered:
D:1:      wander_arrival_estate, layout_basic, serial_shops, shop,
          minmay_lizard_pond
D:2:      minmay_alternating_diamond, layout_basic, serial_co_window_serial,
          co_window_corner_a, co_window_corner_a, co_window_paths_a,
          co_window_paths_b, co_window_paths_a, co_window_broadway_a,
          co_window_of_opportunity_c, co_window_cross_3, co_window_corner_cb,
          glass_columns_a, glass_columns_a,
          shapermc_ecumenical_altar_totnotflames, basic_altar, uniq_robin,
          uniq_natasha, uniq_sigmund
D:3:      layout_loops_cross, grunt_temple_overflow_magic_moments, serial_shops,
          nicolae_lakefront_shop
D:4:      corexii_shack_village, layout_cave_pods,
          nicolae_qazlal_style_of_elements, dk_yredelemnul_ordeal,
          minmay_temple_entry_butterflies, uniq_grinder, uniq_menkaure
D:5:      layout_loops_cross, lemuel_coloured_pillars_altar, serial_glass,
          glass_columns_a, glass_columns_a, kennysheep_generic_room_15
D:6:      layout_basic
D:7:      layout_rooms, nicolae_concentric_dashed_squares_wild,
          grunt_ministairs_15, nicolae_wooded_promenade,
          eino_small_chamber_without_monster, uniq_harold
Temple:   minmay_temple_curvy_loop

Skill      XL: |  1  2  3  4  5  6  7  8  9 |
---------------+----------------------------+-----
Axes           | 2 3 4 5 6 7 8 |  8.0
Fighting       | 4 5 6 7 8 11 | 11.5
Armour         | 4 5 |  5.2
Dodging        | 2 |  2.0
Shields        | |  2.6

Action                   |  1- 3 |  4- 6 |  7- 9 || total
-------------------------+-------+-------+-------++-------
Melee: War axe           |    96 |       |       ||    96
       Executioner's axe |     5 |    57 |   180 ||   242
Evoke: Wand              |       |       |     6 ||     6
  Use: Scroll            |     5 |     5 |     7 ||    17
       Potion            |     3 |       |     8 ||    11
 Stab: Distracted        |     1 |       |       ||     1
Armor: Scale mail        |    43 |     3 |       ||    46
       Chain mail        |       |    28 |   216 ||   244
Dodge: Dodged            |    54 |    24 |    86 ||   164
Block: Buckler           |    19 |       |       ||    19

Table legend: (Time is in decaauts)
 A = Elapsed time spent in this place.
 B = Non-inter-level travel time spent in this place.
 C = Inter-level travel time spent in this place.
 D = Time resting spent in this place.
 E = Time spent auto-exploring this place.
 F = Levels seen in this place.
 G = Mean time per level.
                   A        B        C        D        E       F      G
               +--------+--------+--------+--------+--------+-----+--------+
         Total |   8056 |   7850 |    206 |   2479 |   4216 |   8 | 1007.0 |
       Dungeon |   7824 |   7642 |    182 |   2479 |   4012 |   7 | 1117.7 |
        Temple |    231 |    207 |     24 |      0 |    204 |   1 |  231.0 |
               +--------+--------+--------+--------+--------+-----+--------+

Top non-repeatable levels by time:
     D:4: 1926 daAuts
     D:5: 1406 daAuts
     D:2: 1394 daAuts
     D:3: 1055 daAuts
     D:6: 859 daAuts
     D:1: 692 daAuts
     D:7: 491 daAuts
  Temple: 231 daAuts
